AoeStats
← MandrakePOE

Lombardia

509169909Analyzed
4v4 RM · 6d ago on Sep 25, 2026· 67m 49s· 8 players
Game mode
Random Map
Map size
Large (8 player)
Population
200
Speed
Normal
Resources
Standard
Victory
Conquest
Starting age
Dark Age
Ending age
Imperial Age
RankedLock teamsTeams togetherTeam positionsShared explorationLock speedFull tech treeHidden civsTurbo modeCheats
Victory
Defeat
🇺🇸 Celts · United States
719
+13
🇨🇳 Wei · China
653
+16
🇮🇳 Saxons · India
634
+17
🇺🇸 Ethiopians · United States
606
+18
🇨🇴 Vietnamese · Colombia
724
-19
🇦🇹 Turks · Austria
714
-18
🇧🇷 Georgians · Brazil
606
-14
🇬🇧 Japanese · United Kingdom
574
-13
DuceDubz
0:34 Loom
15:42 Feudal Age
16:30 Horse Collar
16:40 Double-Bit Axe
19:13 Gold Mining
19:14 Stone Mining
21:49 Wheelbarrow
25:01 Castle Age
25:19 Fletching
25:30 Scale Mail Armor
27:29 Pikeman
29:16 Caravan
31:00 Forging
32:15 Gold Shaft Mining
33:00 Coinage
32:49 Arson
33:32 Bow Saw
33:43 Heavy Plow
36:20 Stone Shaft Mining
42:37 Imperial Age
41:24 Bodkin Arrow
42:05 Iron Casting
41:46 Chain Mail Armor
45:02 Ballistics
44:54 Fortified Wall
44:48 Onager
44:57 Heavy Scorpion
46:44 Chemistry
45:24 Halberdier
47:37 Guilds
47:58 Banking
48:33 Siege Engineers
49:30 Siege Onager
51:53 Furor Celtica
51:38 Stronghold
54:55 Elite Woad Raider
56:39 Blast Furnace
56:10 Plate Mail Armor
GhostQuery72
9:03 Loom
12:13 Feudal Age
18:08 Castle Age
15:59 Double-Bit Axe
15:57 Horse Collar
22:41 Castle Age
23:38 Bow Saw
23:30 Heavy Plow
35:06 Gold Mining
35:06 Stone Mining
35:51 Pikeman
36:32 Squires
36:17 Arson
37:26 Wheelbarrow
36:38 Town Watch
39:01 Fortified Wall
39:22 Scale Mail Armor
39:33 Forging
41:58 Imperial Age
39:45 Hand Cart
39:34 Town Patrol
42:00 Chain Mail Armor
42:21 Iron Casting
45:41 Conscription
44:44 Shield Wall
44:44 Elite Hearth Troop
45:51 Elite Varangian Guard
50:11 Plate Mail Armor
49:25 Halberdier
52:54 Two-Man Saw
52:28 Crop Rotation
66:11 Scale Barding Armor
65:57 Light Cavalry
66:48 Bloodlines
66:40 Hussar
乾净
0:41 Loom
14:11 Feudal Age
15:45 Double-Bit Axe
18:48 Castle Age
17:16 Horse Collar
19:51 Heavy Plow
20:05 Bow Saw
20:13 Stone Mining
29:35 Gold Mining
31:33 Scale Barding Armor
31:29 Scale Mail Armor
31:39 Forging
33:31 Chain Mail Armor
33:20 Husbandry
33:10 Arson
33:25 Squires
32:46 Pikeman
35:02 Chain Barding Armor
35:19 Iron Casting
34:59 Bloodlines
34:55 Tuntian
39:02 Imperial Age
37:38 Gold Shaft Mining
38:00 Man-at-Arms
38:05 Light Cavalry
41:24 Chemistry
40:45 Ballistics
41:05 Ming Guang Armor
41:26 Elite Tiger Cavalry
42:24 Heavy Hei Guang Cavalry
44:11 Blast Furnace
42:43 Capped Ram
43:41 Caravan
43:56 Hussar
44:07 Siege Ram
44:27 Long Swordsman
45:14 Two-Handed Swordsman
45:16 Halberdier
51:01 Parthian Tactics
50:45 Thumb Ring
50:52 Padded Archer Armor
50:43 Fletching
CHIP
0:35 Loom
17:09 Feudal Age
18:27 Wheelbarrow
17:35 Horse Collar
17:44 Double-Bit Axe
19:25 Gold Mining
19:32 Stone Mining
23:38 Castle Age
22:07 Forging
21:57 Scale Mail Armor
23:22 Fletching
23:33 Padded Archer Armor
24:59 Leather Archer Armor
24:41 Bodkin Arrow
24:59 Bow Saw
25:16 Squires
25:02 Arson
27:54 Royal Heirs
28:35 Iron Casting
28:37 Crossbowman
30:59 Hand Cart
31:20 Scale Mail Armor
31:54 Ballistics
32:07 Thumb Ring
33:36 Gold Shaft Mining
33:36 Stone Shaft Mining
33:34 Heavy Plow
37:29 Imperial Age
36:07 Chain Mail Armor
39:21 Two-Man Saw
37:50 Arbalester
39:05 Ring Archer Armor
38:35 Bracer
39:49 Chemistry
41:56 Caravan
43:17 Conscription
47:07 Blast Furnace
46:38 Plate Mail Armor
46:24 Siege Engineers
46:37 Elite Shotel Warrior
48:10 Husbandry
47:32 Heavy Camel Rider
50:22 Scale Barding Armor
50:50 Coinage
50:30 Guilds
49:55 Onager
51:02 Siege Onager
52:13 Torsion Engines
(KICK) Erick_Too
10:49 Feudal Age
12:50 Double-Bit Axe
14:03 Horse Collar
14:23 Gold Mining
19:27 Castle Age
19:52 Fletching
22:15 Forging
22:28 Light Cavalry
23:49 Husbandry
27:28 Iron Casting
32:27 Bow Saw
36:00 Imperial Age
33:47 Elite Skirmisher
35:46 Stone Mining
37:03 Paper Money
39:06 Chemistry
39:21 Bodkin Arrow
39:04 Pikeman
41:44 Two-Man Saw
40:49 Treadmill Crane
40:57 Halberdier
42:32 Bracer
42:49 Heavy Plow
42:22 Imperial Skirmisher
45:19 Crop Rotation
44:57 Padded Archer Armor
44:29 Elite Fire Lancer
46:24 Wheelbarrow
48:30 Ballistics
48:21 Fortified Wall
48:08 Murder Holes
49:00 Hand Cart
50:00 Loom
51:14 Elite Rattan Archer
52:03 Elite Battle Elephant
56:59 Bloodlines
59:03 Squires
59:59 Chatras
61:08 Leather Archer Armor
60:54 Scale Mail Armor
62:33 Cavalier
64:47 Ring Archer Armor
64:32 Chain Mail Armor
64:23 Scale Barding Armor
66:08 Thumb Ring
Apoloinsider
MandrakePOE
8:51 Loom
11:21 Feudal Age
15:48 Double-Bit Axe
15:46 Horse Collar
18:19 Stone Mining
19:33 Gold Mining
23:54 Wheelbarrow
25:36 Castle Age
24:41 Town Watch
27:40 Hand Cart
27:23 Fletching
28:00 Bow Saw
27:54 Heavy Plow
28:44 Gold Shaft Mining
28:41 Forging
28:32 Scale Mail Armor
29:39 Murder Holes
29:35 Guard Tower
30:23 Fortified Wall
31:41 Bodkin Arrow
32:04 Town Patrol
32:36 Ballistics
36:45 Imperial Age
34:30 Caravan
35:26 Yasama
36:50 Arson
37:06 Squires
37:26 Chain Mail Armor
37:47 Iron Casting
39:29 Two-Man Saw
38:40 Bracer
43:40 Plate Mail Armor
43:17 Arrowslits
44:07 Keep
43:38 Siege Engineers
44:04 Conscription
49:30 Elite Samurai
53:09 Thumb Ring
60:42 Blast Furnace
luv
7:03 Loom
11:21 Feudal Age
12:01 Double-Bit Axe
11:58 Horse Collar
12:16 Gold Mining
13:11 Stone Mining
22:40 Castle Age
21:23 Padded Archer Armor
21:29 Scale Barding Armor
21:15 Fletching
21:36 Forging
24:13 Squires
24:28 Bow Saw
24:40 Leather Archer Armor
24:21 Bodkin Arrow
25:02 Iron Casting
25:58 Heavy Plow
30:06 Wheelbarrow
34:00 Town Watch
34:30 Husbandry
35:42 Chain Barding Armor
37:58 Sipahi
41:47 Gold Shaft Mining
44:10 Imperial Age
42:00 Masonry
42:14 Ballistics
43:25 Caravan
45:39 Arrowslits
45:50 Murder Holes
47:18 Two-Man Saw
46:36 Hand Cart
45:53 Elite Janissary
47:23 Town Patrol
47:54 Parthian Tactics
47:37 Thumb Ring
49:27 Guilds
50:26 Ring Archer Armor
50:20 Artillery
50:31 Heavy Cavalry Archer
57:00 Plate Barding Armor
56:26 Bracer
57:27 Blast Furnace
56:54 Conscription
61:25 Masonry
Connection lost

Rejoining the realm…

Still unreachable

The connection could not be restored.

Session expired

The server has moved on; the page needs a fresh start.